 Dungeon Crawl Stone Soup version 0.28.0-47-ge53b351184 (webtiles) character file.

Game seed: 6092245251218675984

51 Cak3Hol3 the Ruffian (level 3, -5/27 HPs)
             Began as a Demigod Transmuter on May 4, 2022.
             Killed by divine providence
             ... invoked by an orc priest
              (13 damage)
             ... on level 2 of the Dungeon.
             The game lasted 00:07:02 (1635 turns).

Cak3Hol3 the Ruffian (Demigod Transmuter)           Turns: 1635, Time: 00:07:02

Health: -5/27      AC:  8    Str: 15    XL:     3   Next: 36%
Magic:  7/8        EV: 11    Int: 15    God:
Gold:   61         SH:  0    Dex: 14    Spells: 5/6 levels left

rFire   . . .      SeeInvis .   c - +0 mace
rCold   . . .      Faith    .   (no shield)
rNeg    . . .      Spirit   .   g - +0 ring mail
rPois   .          Reflect  .   (helmet currently unavailable)
rElec   .          Harm     .   h - +2 cloak
rCorr   .          Rampage  .   (no gloves)
Will    .....                   (boots currently unavailable)
Stlth   +.........              (no amulet)
HPRegen 0.09/turn               (no ring)
MPRegen 0.11/turn               (no ring)

@: appendages (expiring)
A: horns 2, talons 2, high MP 1, forlorn, divine attributes
a: End Transformation


You were on level 2 of the Dungeon.
You had temporarily grown beastly horns and talons.
You visited 1 branch of the dungeon, and saw 2 of its levels.

You collected 61 gold pieces.

Inventory:

Hand Weapons
 c - a +0 mace (weapon)
Missiles
 f - 99 stones
 i - 18 sling bullets
Armour
 a - a +0 robe
 g - a +0 ring mail (worn)
 h - a +2 cloak (worn)
Scrolls
 d - a scroll of identify {unknown}
 e - a scroll of silence {unknown}
 j - a scroll of teleportation {unknown}
Potions
 b - a potion of resistance {unknown}


   Skills:
 + Level 0.9 Fighting
 + Level 0.7 Maces & Flails
 + Level 0.5 Armour
 + Level 2.2 Dodging
 + Level 0.6 Stealth
 + Level 3.1 Unarmed Combat
 + Level 2.0 Spellcasting
 * Level 2.1 Transmutations


You had 5 spell levels left.
You knew the following spells:

 Your Spells              Type           Power      Damage    Failure   Level
a - Beastly Appendage     Tmut           14%        N/A       19%         1

Your spell library contained the following spells:

 Spells                   Type           Power      Damage    Failure   Level
 Wereblood                Tmut           7%         N/A       28%         2
 Spider Form              Tmut/Pois      4%         N/A       65%         3
 Ice Form                 Ice/Tmut       4%         N/A       96%         4


Dungeon Overview and Level Annotations

Branches:
Dungeon (2/15)


Innate Abilities, Weirdness & Mutations

You have temporarily grown beastly horns and talons.
You have an increased reservoir of magic. (+10% MP)
You shall have no god before yourself.
Your divine heritage dramatically boosts your attributes as you level up.


Message History

The orc hits you but does no damage. The orc priest closely misses you.
You hit the orc priest but do no damage.
The orc priest is moderately wounded.
The orc hits you but does no damage.
The orc priest calls down the wrath of Beogh upon you.
Pain shoots through your body!
You barely miss the orc priest.
The orc priest is moderately wounded.
The orc closely misses you.
The orc priest looks satisfied for a moment.
The orc hits you but does no damage.
You barely miss the orc priest.
The orc priest is moderately wounded.
The orc priest hits you with a +0 dagger.
The orc hits you but does no damage.
The orc priest hits you with a +0 dagger.
You are too injured to fight recklessly!
You are too injured to fight recklessly!
You are too injured to fight recklessly!
You are too injured to fight recklessly!
You are too injured to fight recklessly!
Okay, then.
Casting: Beastly Appendage (safe; 19% risk of failure)
Press: ? - help, Q - select action, (/) - cycle Dir - look around, f - activate You grow a pair of large bovine horns.
Your feet morph into talons.
Your transformation is almost over.
The orc hits you but does no damage. The orc priest closely misses you.
You hit the orc. Your kick misses the orc. You headbutt the orc.
You kill the orc!
The orc priest calls down the wrath of Beogh upon you.
Pain shoots through your body!
* * * LOW HITPOINT WARNING * * *
You closely miss the orc priest.
The orc priest is moderately wounded.
The orc priest misses you.
You barely miss the orc priest. Your kick misses the orc priest.
The orc priest is moderately wounded.
The orc priest mumbles some strange prayers to Beogh against you.
Beogh smites you!
You die...

###############################
..............................#
#.###########################.#
#.# ################ #.# #†#
#<......)o......#.###.### #.#
#..@# #........ #.# #...#
#.###.### #.# #...# #.....# # #.#
##########...######.#####.###
#.###................^...........
....'..>.........................
#####......############.#######..
#......# #.. #......# #..


You could see an orc priest.

Vanquished Creatures
  3 worms (D:2)
  3 dart slugs (D:1)
  3 orcs (D:2)
  4 bats (D:1)
  2 endoplasms (D:1)
  5 goblins (D:1)
  2 quokkas (D:1)
  4 frilled lizards (D:1)
  A kobold (D:2)
  6 rats
33 creatures vanquished.

Notes
Turn   | Place    | Note
-------+----------+-------------------------------------------
     0 | D:1      | Cak3Hol3 the Demigod Transmuter began the quest for the
                  | Orb.
     0 | D:1      | Reached XP level 1. HP: 15/15 MP: 5/5
   421 | D:1      | Reached skill level 3 in Unarmed Combat
   485 | D:1      | Reached XP level 2. HP: 11/22 MP: 5/7
  1173 | D:2      | Reached XP level 3. HP: 19/27 MP: 8/8
  1635 | D:2      | Killed from afar by an orc priest

Illustrated notes

Levels and vault maps discovered:
D:1:      tarquinn_simple_flora_water_d, layout_rooms, serial_glass,
          glass_columns_a, glass_columns_b, item_on_display_b,
          minmay_strange_pillars, due_unseen_surprise,
          ebering_ecumenical_altar_ruins, chequers_serial_rivers_marsh,
          grunt_decor_fettered
D:2:      layout_basic, serial_shops, shop

Skill      XL: |  1  2 |
---------------+-------+-----
Transmutations | 2 |  2.1
Unarmed Combat | 3 |  3.1
Spellcasting   | 2 |  2.0
Dodging        | 2 |  2.2
Fighting       | |  0.9
Maces & Flails | |  0.7
Armour         | |  0.5
Stealth        | |  0.6

Action                   || total
-------------------------++-------
Melee: Unarmed           ||    33
       Mace              ||   110
       Kick              ||     4
       Punch             ||     5
       Headbutt          ||     2
 Cast: Beastly Appendage ||     4
Armor: Robe              ||    17
       Ring mail         ||    40
Dodge: Dodged            ||   109
